 Dungeon Crawl Stone Soup version 0.30-a0-1160-g6e42c06551 (webtiles) character file.

Game seed: 5704705624916627733

52 Anamonty the Stinger (level 3, -1/19 (21) HPs)
             Began as an Octopode Venom Mage on Apr 26, 2023.
             Slain by Jessica
             ... wielding a +2 dagger of draining
              (2 damage)
             ... on level 2 of the Dungeon.
             The game lasted 00:02:19 (1758 turns).

Anamonty the Stinger (Octopode Venom Mage)          Turns: 1758, Time: 00:02:20

HP:   -1/19 (21)    AC:  1    Str:  9    XL:     3   Next: 85%
MP:   6/6           EV: 13    Int: 17    God:
Gold: 99            SH:  0    Dex: 12    Spells: 5/6 levels left

rFire   . . .        h - +2 whip (venom)
rCold   . . .        (no shield)
rNeg    . . .        e - +0 hat
rPois   .            (no amulet)
rElec   .            (no ring)
rCorr   .            (no ring)
SInv    .            (no ring)
Will    .....        (no ring)
Stlth   +++          (no ring)
HPRegen 0.23/turn    (no ring)
MPRegen 0.10/turn    (no ring)
                     (no ring)

%: no passive effects
@: drained
A: almost no armour, amphibious, 8 rings, camouflage 1, gelatinous body 1,
(nimble swimmer 1), tentacles
a: no special abilities


You were on level 2 of the Dungeon.
You visited 1 branch of the dungeon, and saw 2 of its levels.

You collected 99 gold pieces.

Inventory:

Hand Weapons
 b - a +2 dagger of electrocution
 h - a +2 whip of venom (weapon)
Missiles
 c - 2 throwing nets
Armour
 e - a +0 hat (worn)
 l - a +0 hat
Jewellery
 j - a +6 ring of intelligence
Wands
 n - a wand of digging (5)
Scrolls
 d - 3 scrolls of identify {unknown}
Potions
 a - a potion of magic
 f - 3 potions of attraction {unknown}
 g - a potion of heal wounds {unknown}
 i - 2 potions of degeneration {unknown}
 k - a potion of curing {unknown}
 m - a potion of resistance {unknown}
 o - a potion of brilliance {unknown}
 p - a potion of mutation {unknown}


   Skills:
 + Level 2.6 Dodging
 - Level 2.6 Stealth
 + Level 2.4 Spellcasting
 - Level 1.0 Transmutations
 * Level 4.8 Poison Magic


You had 5 spell levels left.
You knew the following spells:

 Your Spells              Type           Power      Damage    Failure   Level
a - Sting                 Tmut/Pois      44%        1d5       5%          1

Your spell library contained the following spells:

 Spells                   Type           Power      Damage    Failure   Level
 Poisonous Vapours        Pois/Air       20%        N/A       11%         2
 Wereblood                Tmut           5%         N/A       19%         2
 Olgreb's Toxic Radiance  Pois           18%        N/A       26%         4
 Sublimation of Blood     Necr           2%         N/A       28%         2
 Mephitic Cloud           Conj/Pois/Air  7%         N/A       28%         3
 Frozen Ramparts          Ice            4%         1d1       50%         3
 Ice Form                 Ice/Tmut       3%         N/A       83%         4
 Summon Ice Beast         Ice/Summ       2%         N/A       88%         4
 Summon Hydra             Summ           1%         N/A       100%        7


Dungeon Overview and Level Annotations

Branches:
Dungeon (2/15)

Altars:
The Shining One

Annotations:
D:2 Jessica


Innate Abilities, Weirdness & Mutations

You cannot wear most types of armour.
You are amphibious.
You can wear up to eight rings at the same time.
Your skin changes colour to match your surroundings (Stealth+).
Your rubbery body absorbs attacks. (AC +1, EV +1)
((You are camouflaged when in or above water. (Stealth+)))
You have tentacles for arms and can constrict up to eight enemies at once.


Message History

There is an open door here.
You open the door.
There is a stone staircase leading up here.
There is a stone staircase leading up here.
You now have 99 gold pieces (gained 12).
Found a stone staircase leading down.
There is a stone staircase leading down here.
n - a wand of digging (5)
Found a stone staircase leading down.
There is a stone staircase leading down here.
o - a silvery potion
p - a coppery potion You open the door.
Jessica the Apprentice Sorceress comes into view.
She is wielding a +2 dagger of draining.
Found a fizzy clear potion and a sedimented puce potion.
Jessica is nearby!
A quokka comes into view.
Found a scroll labelled LETWAME DYPRO.
Jessica shouts!
Jessica casts a spell.
Jessica blinks!
There is an open door here.
Jessica hits you with a +2 dagger of draining.
You feel drained.
You hit Jessica.
Jessica is poisoned.
Your grab misses Jessica.
Jessica is moderately wounded.
Jessica casts a spell at you. Pain shoots through your body!
Ouch! That really hurt!
* * * LOW HITPOINT WARNING * * *
You are too injured to fight recklessly!
You are too injured to fight recklessly!
Unknown command.
You barely miss Jessica. You grab Jessica.
Jessica is heavily wounded.
You constrict Jessica.
Jessica hits you with a +2 dagger of draining.
* * * LOW HITPOINT WARNING * * *
You feel drained.
You die...

#..........# #.#
#..........# #.#
#..........# #.#
#..#####..###.#
..##...##..##.# #.#
..#!....#..##.# #.# #+#
#!.r..#..##.# #.# #.#
#.@..?#..##.# #.# #.#
#.@.##..##.# ##.# #.#
##..##'##..###.# .#.#
#.##..........## #.# .#.#
#.##..........# #.#
.#'####'##..........# #.#
.........#######..######.#
.........### #..# #...#
...........# #...###.###
...........# #.#..#..#


You could see Jessica (very poisoned) and a quokka.

Vanquished Creatures
  2 adders (D:2)
  A dart slug (D:1)
  3 endoplasms (D:1)
  2 giant cockroaches (D:1)
  3 goblins (D:1)
  A hobgoblin (D:1)
  4 kobolds (D:1)
  A quokka (D:1)
  3 ball pythons (D:1)
  5 bats (D:1)
  3 frilled lizards (D:1)
  7 rats (D:1)
35 creatures vanquished.

Notes
Turn   | Place    | Note
-------+----------+-------------------------------------------
     0 | D:1      | Anamonty the Octopode Venom Mage began the quest for the
                  | Orb.
     0 | D:1      | Reached XP level 1. HP: 11/11 MP: 3/3
   142 | D:1      | Reached skill level 4 in Poison Magic
   142 | D:1      | Reached XP level 2. HP: 13/17 MP: 5/5
   701 | D:1      | Reached XP level 3. HP: 21/21 MP: 6/6
  1484 | D:2      | Found a glowing golden altar of the Shining One.
  1754 | D:2      | Noticed Jessica
  1758 | D:2      | HP: 1/20 [Jessica/+2 dagger of draining (4)]
  1758 | D:2      | Slain by Jessica

Illustrated notes

Levels and vault maps discovered:
D:1:      dpeg_arrival_houses_and_road, layout_loops_ring,
          serial_co_window_serial, co_window_corner_a, co_window_paths_a,
          co_window_of_opportunity_a, co_window_of_opportunity_a,
          co_window_corner_a, co_window_paths_a, co_window_broadway_a,
          co_window_broadway_b, co_window_of_opportunity_b,
          co_window_broadway_b, co_window_broadway_a, co_window_paths_d,
          minmay_ruptured
D:2:      layout_basic, basic_altar, kennysheep_jessica_study

Skill      XL: |  1 |
---------------+----+-----
Poison Magic   | 4 |  4.8
Dodging        | |  2.6
Stealth        | |  2.6
Spellcasting   | |  2.4
Transmutations | |  1.0

Action                     || total
---------------------------++-------
  Melee: Unarmed           ||     6
         Dagger            ||    43
         Constrict         ||    12
         Tentacles         ||    11
         Punch             ||     1
         Whip              ||    16
   Cast: Sting             ||     2
   Stab: Sleeping          ||    10
 Armour: Skin              ||     9
  Dodge: Dodged            ||    30

Table legend: (Time is in decaauts)
 A = Elapsed time spent in this place.
 B = Non-inter-level travel time spent in this place.
 C = Inter-level travel time spent in this place.
 D = Time resting spent in this place.
 E = Time spent auto-exploring this place.
 F = Levels seen in this place.
 G = Mean time per level.
                   A        B        C        D        E       F      G
               +--------+--------+--------+--------+--------+-----+--------+
         Total |   1758 |   1671 |     87 |      0 |   1422 |   2 |  879.0 |
       Dungeon |   1758 |   1671 |     87 |      0 |   1422 |   2 |  879.0 |
               +--------+--------+--------+--------+--------+-----+--------+

Top non-repeatable levels by time:
     D:1: 1358 daAuts
     D:2: 399 daAuts
